| TOP OF THE 1ST |
|
Jackson Generals batting - Pitching for Northwest Arkansas Naturals : RHP Marvin Velasco
|
|
Pitching: RHP Marvin Velasco
|
|
|
Batting: RHB Brad Robidas
|
0-0: Ball 1-0: Called Strike 1-1: Ground out 5-3 (Groundball, 5, EV 82.5 MPH)
|
|
Batting: SHB Jose Castillo
|
0-0: Called Strike 0-1: Foul Ball, location: 2F 0-2: Ball 1-2: Foul Ball, location: 2F 1-2: Ball 2-2: Fly out, F8 (Line Drive, 8LM, EV 96.9 MPH)
|
|
Batting: RHB Tony Vargas
|
0-0: Called Strike 0-1: Foul Ball, location: 2F 0-2: Ball 1-2: Strikes out swinging
|
| Top of the 1st over - 0 runs, 0 hits, 0 errors, 0 left on base; Jackson 0 - Northwest Arkansas 0 |
| BOTTOM OF THE 1ST |
|
Northwest Arkansas Naturals batting - Pitching for Jackson Generals : LHP Matt Lee
|
|
Pitching: LHP Matt Lee
|
|
|
Batting: LHB Pete Hansel
|
0-0: Ball 1-0: SINGLE (Flyball, 9S, EV 88.1 MPH)
|
|
Batting: RHB Gavin Jones
|
0-0: Ball 1-0: Grounds into double play, 5-4-3 (Groundball, 56, EV 102.5 MPH)
|
|
Batting: RHB Edgar Castillo
|
0-0: Ball 1-0: Ball 2-0: Foul Ball, location: 2F 2-1: Ball 3-1: Base on Balls
|
|
Batting: RHB Walt Cogswell
|
0-0: Ball 1-0: Fly out, F9 (Flyball, 89M, EV 93.8 MPH)
|
| Bottom of the 1st over - 0 runs, 1 hit, 0 errors, 1 left on base; Jackson 0 - Northwest Arkansas 0 |
| TOP OF THE 2ND |
|
Jackson Generals batting - Pitching for Northwest Arkansas Naturals : RHP Marvin Velasco
|
|
Batting: LHB Dwain Ashford
|
0-0: Ball 1-0: Ball 2-0: Fly out, F4 (Popup, 4S, EV 80.0 MPH)
|
|
Batting: RHB Harutomi Matsubara
|
0-0: Reaches on Catchers interference
|
|
Batting: RHB Joe Stading
|
0-0: Ball Harutomi Matsubara steals 2nd base 1-0: Ground out 6-3 (Groundball, 6, EV 85.6 MPH) Harutomi Matsubara to third
|
|
Batting: RHB Robby Cuellar
|
0-0: Called Strike 0-1: Foul Ball, location: 2F 0-2: Foul Ball, location: 2F 0-2: Foul Ball, location: 2F 0-2: Strikes out looking
|
| Top of the 2nd over - 0 runs, 0 hits, 1 error, 1 left on base; Jackson 0 - Northwest Arkansas 0 |
| BOTTOM OF THE 2ND |
|
Northwest Arkansas Naturals batting - Pitching for Jackson Generals : LHP Matt Lee
|
|
Batting: RHB Javier Solis
|
0-0: Ball 1-0: SOLO HOME RUN (Line Drive, 7D, EV 101.9 MPH), Distance : 388 ft
|
|
Batting: SHB Jarrod Lindblad
|
0-0: Ball 1-0: Foul Ball, location: 2F 1-1: SOLO HOME RUN (Flyball, 9LD, EV 95.0 MPH), Distance : 367 ft
|
|
Batting: RHB Danny Loyola
|
0-0: Called Strike 0-1: Called Strike 0-2: Strikes out swinging
|
|
Batting: LHB Robert Wilkins
|
0-0: Called Strike 0-1: Called Strike 0-2: Fly out, F8 (Line Drive, 8LD, EV 100.0 MPH)
|
|
Batting: RHB Egidius Kruger
|
0-0: Called Strike 0-1: SINGLE (Groundball, 56, EV 97.5 MPH) (infield hit)
|
|
Batting: LHB Pete Hansel
|
0-0: Ball Egidius Kruger steals 2nd base 1-0: Swinging Strike 1-1: Foul Ball, location: 2F 1-2: Strikes out swinging
|
| Bottom of the 2nd over - 2 runs, 3 hits, 0 errors, 1 left on base; Jackson 0 - Northwest Arkansas 2 |
| TOP OF THE 3RD |
|
Jackson Generals batting - Pitching for Northwest Arkansas Naturals : RHP Marvin Velasco
|
|
Batting: SHB Detlef Oursler
|
0-0: Ball 1-0: Swinging Strike 1-1: Swinging Strike 1-2: Fly out, F9 (Flyball, 89M, EV 87.5 MPH)
|
|
Batting: RHB Kikuo Sato
|
0-0: Ball 1-0: Called Strike 1-1: Foul Ball, location: 2F 1-2: Ball 2-2: Hit by Pitch
|
|
Batting: RHB Brad Robidas
|
0-0: Ball 1-0: Called Strike 1-1: Ball 2-1: Called Strike Kikuo Sato steals 2nd base 2-2: Ball 3-2: SINGLE (Line Drive, 89S, EV 94.4 MPH) Kikuo Sato to third
|
|
Batting: SHB Jose Castillo
|
0-0: Ball Brad Robidas is caught stealing 2nd base 2-6 1-0: Ball 2-0: Called Strike 2-1: Foul Ball, location: 2F 2-2: Foul Ball, location: 2F 2-2: Foul Ball, location: 2F 2-2: Ground out 6-3 (Groundball, 6, EV 83.8 MPH)
|
| Top of the 3rd over - 0 runs, 1 hit, 0 errors, 1 left on base; Jackson 0 - Northwest Arkansas 2 |
| BOTTOM OF THE 3RD |
|
Northwest Arkansas Naturals batting - Pitching for Jackson Generals : LHP Matt Lee
|
|
Batting: RHB Gavin Jones
|
0-0: Ball 1-0: Ground out 5-3 (Groundball, 56S, EV 66.2 MPH)
|
|
Batting: RHB Edgar Castillo
|
0-0: Ball 1-0: Ball 2-0: Ball 3-0: Base on Balls
|
|
Batting: RHB Walt Cogswell
|
0-0: Called Strike 0-1: Ball 1-1: Foul Ball, location: 2F 1-2: Fly out, F7 (Flyball, 7D, EV 103.8 MPH)
|
|
Batting: RHB Javier Solis
|
0-0: Ball 1-0: Foul Ball, location: 2F 1-1: Ball 2-1: Foul Ball, location: 2F Pickoff Throw to First - Error! E1 Edgar Castillo to second 2-2: Ball 3-2: Ground out 6-3 (Groundball, 6, EV 86.2 MPH)
|
| Bottom of the 3rd over - 0 runs, 0 hits, 1 error, 1 left on base; Jackson 0 - Northwest Arkansas 2 |
| TOP OF THE 4TH |
|
Jackson Generals batting - Pitching for Northwest Arkansas Naturals : RHP Marvin Velasco
|
|
Batting: RHB Tony Vargas
|
0-0: Called Strike 0-1: Foul Ball, location: 2F 0-2: Ball 1-2: DOUBLE (Groundball, 3L, EV 105.6 MPH)
|
|
Batting: LHB Dwain Ashford
|
0-0: Ball 1-0: Ground out 5-3 (Groundball, 56, EV 90.6 MPH)
|
|
Batting: RHB Harutomi Matsubara
|
0-0: Foul Ball, location: 2F 0-1: Ball 1-1: Ball 2-1: Foul Ball, location: 2F 2-2: SINGLE (Line Drive, 56D, EV 103.1 MPH) Tony Vargas to third
|
|
Batting: RHB Joe Stading
|
0-0: Ball 1-0: Called Strike 1-1: SINGLE (Groundball, 34D, EV 110.0 MPH) Tony Vargas scores Harutomi Matsubara to second Runner from 2nd tries for 3rd, SAFE, throw by RF made to third
|
|
Batting: RHB Robby Cuellar
|
0-0: Ball 1-0: Fly out, F9 (Flyball, 9D, EV 91.2 MPH) Runner from 3rd tags up, OUT at HOME! 9-2
|
| Top of the 4th over - 1 run, 3 hits, 0 errors, 1 left on base; Jackson 1 - Northwest Arkansas 2 |
| BOTTOM OF THE 4TH |
|
Northwest Arkansas Naturals batting - Pitching for Jackson Generals : LHP Matt Lee
|
|
Batting: SHB Jarrod Lindblad
|
0-0: Ball 1-0: Called Strike 1-1: Foul Ball, location: 2F 1-2: Ground out 3-1 (Groundball, 34D, EV 83.1 MPH)
|
|
Batting: RHB Danny Loyola
|
0-0: Foul Ball, location: 2F 0-1: Ball 1-1: Hit by Pitch
|
|
Batting: LHB Robert Wilkins
|
0-0: Ball 1-0: Swinging Strike 1-1: Ground out 4-3 (Groundball, 4S, EV 60.6 MPH) Danny Loyola to second
|
|
Batting: RHB Egidius Kruger
|
0-0: Swinging Strike 0-1: Ball 1-1: Ball 2-1: Foul Ball, location: 2F 2-2: Ground out 6-3 (Groundball, 6, EV 84.4 MPH)
|
| Bottom of the 4th over - 0 runs, 0 hits, 0 errors, 1 left on base; Jackson 1 - Northwest Arkansas 2 |
| TOP OF THE 5TH |
|
Jackson Generals batting - Pitching for Northwest Arkansas Naturals : RHP Marvin Velasco
|
|
Batting: SHB Detlef Oursler
|
0-0: SINGLE (Groundball, 56S, EV 75.0 MPH) (infield hit)
|
|
Batting: RHB Kikuo Sato
|
0-0: Called Strike Detlef Oursler steals 2nd base 0-1: Ball 1-1: Foul Ball, location: 2F 1-2: Ball 2-2: Strikes out swinging
|
|
Batting: RHB Brad Robidas
|
0-0: Ground out 5-3 (Groundball, 56S, EV 83.8 MPH)
|
|
Batting: SHB Jose Castillo
|
0-0: Ball 1-0: Ball 2-0: Swinging Strike 2-1: Ball 3-1: Base on Balls
|
|
Batting: RHB Tony Vargas
|
0-0: Ball 1-0: Ball 2-0: Called Strike 2-1: Called Strike 2-2: Strikes out looking
|
| Top of the 5th over - 0 runs, 1 hit, 0 errors, 2 left on base; Jackson 1 - Northwest Arkansas 2 |
| BOTTOM OF THE 5TH |
|
Northwest Arkansas Naturals batting - Pitching for Jackson Generals : LHP Matt Lee
|
|
Batting: LHB Pete Hansel
|
0-0: Ground out U3 (Groundball, 3L, EV 84.4 MPH)
|
|
Batting: RHB Gavin Jones
|
0-0: Called Strike 0-1: Called Strike 0-2: Strikes out swinging
|
|
Batting: RHB Edgar Castillo
|
0-0: Ball 1-0: Called Strike 1-1: Swinging Strike 1-2: Ball 2-2: Foul Ball, location: 2F 2-2: Ball 3-2: Foul Ball, location: 2F 3-2: Fly out, F9 (Line Drive, 9, EV 98.1 MPH)
|
| Bottom of the 5th over - 0 runs, 0 hits, 0 errors, 0 left on base; Jackson 1 - Northwest Arkansas 2 |
| TOP OF THE 6TH |
|
Jackson Generals batting - Pitching for Northwest Arkansas Naturals : RHP Marvin Velasco
|
|
Batting: LHB Dwain Ashford
|
0-0: Fly out, F9 (Flyball, 9, EV 78.8 MPH)
|
|
Batting: RHB Harutomi Matsubara
|
0-0: Called Strike 0-1: Called Strike 0-2: Foul Ball, location: 2F 0-2: Foul Ball, location: 2F 0-2: Ball 1-2: Ground out 4-3 (Groundball, 4, EV 80.0 MPH)
|
|
Batting: RHB Joe Stading
|
0-0: Ball 1-0: Called Strike 1-1: Swinging Strike 1-2: Strikes out swinging
|
| Top of the 6th over - 0 runs, 0 hits, 0 errors, 0 left on base; Jackson 1 - Northwest Arkansas 2 |
| BOTTOM OF THE 6TH |
|
Northwest Arkansas Naturals batting - Pitching for Jackson Generals : LHP Matt Lee
|
|
Batting: RHB Walt Cogswell
|
0-0: Ball 1-0: Called Strike 1-1: Swinging Strike 1-2: Ball 2-2: Ball 3-2: Strikes out looking
|
|
Batting: RHB Javier Solis
|
0-0: Fly out, F8 (Line Drive, 8RM, EV 97.5 MPH)
|
|
Batting: SHB Jarrod Lindblad
|
0-0: Called Strike 0-1: Swinging Strike 0-2: Strikes out swinging
|
| Bottom of the 6th over - 0 runs, 0 hits, 0 errors, 0 left on base; Jackson 1 - Northwest Arkansas 2 |
| TOP OF THE 7TH |
|
Jackson Generals batting - Pitching for Northwest Arkansas Naturals : RHP Marvin Velasco
|
|
Batting: RHB Robby Cuellar
|
0-0: Called Strike 0-1: Ball 1-1: Foul Ball, location: 2F 1-2: Ball 2-2: Ball 3-2: Ground out 6-3 (Groundball, 6M, EV 101.9 MPH)
|
|
Pinch Hitting: LHB William Warren
|
0-0: Ball 1-0: Ball 2-0: SINGLE (Groundball, 34D, EV 102.5 MPH)
|
|
Pitching: RHP Paul Corcoran
|
|
|
Batting: RHB Kikuo Sato
|
|
|
Pinch Hitting: LHB Justin Long
|
0-0: Called Strike 0-1: Ball 1-1: Ground out 6-3 (Groundball, 6MS, EV 68.1 MPH) William Warren to second
|
|
Batting: RHB Brad Robidas
|
0-0: Ball 1-0: SINGLE (Groundball, 56, EV 104.4 MPH) William Warren to third Runner from 3rd tries for Home, SAFE, throw by LF to home Brad Robidas to second
|
|
Batting: SHB Jose Castillo
|
0-0: Called Strike 0-1: Ball 1-1: Called Strike 1-2: Strikes out swinging
|
| Top of the 7th over - 1 run, 2 hits, 0 errors, 1 left on base; Jackson 2 - Northwest Arkansas 2 |
| BOTTOM OF THE 7TH |
|
Northwest Arkansas Naturals batting - Pitching for Jackson Generals : LHP Matt Lee
|
|
Now at C: Justin Long
|
|
|
Now at 2B: Tony Vargas
|
|
|
Now in LF: William Warren
|
|
|
Now in CF: Jose Castillo
|
|
|
Batting: RHB Danny Loyola
|
0-0: Ball 1-0: Called Strike 1-1: Foul Ball, location: 2F 1-2: Strikes out swinging
|
|
Batting: LHB Robert Wilkins
|
0-0: Called Strike 0-1: Ball 1-1: Ball 2-1: SINGLE (Line Drive, 4MD, EV 93.8 MPH)
|
|
Pitching: RHP Tyler Rayner
|
|
|
Batting: RHB Egidius Kruger
|
0-0: Foul Ball, location: 2F 0-1: DOUBLE (Line Drive, 5D, EV 97.5 MPH) Robert Wilkins to third
|
|
Batting: LHB Pete Hansel
|
0-0: Called Strike 0-1: Ball 1-1: Swinging Strike 1-2: Fly out, F8 (Flyball, 8RXD, EV 109.4 MPH) Runner from 3rd tags up, SCORES, no throw by CF Egidius Kruger to third
|
|
Batting: RHB Gavin Jones
|
0-0: Foul Ball, location: 2F 0-1: Swinging Strike 0-2: Strikes out looking
|
| Bottom of the 7th over - 1 run, 2 hits, 0 errors, 1 left on base; Jackson 2 - Northwest Arkansas 3 |
| TOP OF THE 8TH |
|
Jackson Generals batting - Pitching for Northwest Arkansas Naturals : RHP Paul Corcoran
|
|
Batting: RHB Tony Vargas
|
0-0: Called Strike 0-1: Swinging Strike 0-2: Ball 1-2: Foul Ball, location: 2F 1-2: Foul Ball, location: 2F 1-2: Ball 2-2: DOUBLE (Line Drive, 89XD, EV 105.0 MPH)
|
|
Batting: LHB Dwain Ashford
|
0-0: Ball 1-0: Ball 2-0: Foul Ball, location: 2F 2-1: Foul Ball, location: 2F 2-2: Foul Ball, location: 2F 2-2: Ball 3-2: Strikes out looking
|
|
Batting: RHB Harutomi Matsubara
|
0-0: Called Strike 0-1: Swinging Strike 0-2: Ball 1-2: Foul Ball, location: 2F 1-2: Ball 2-2: Ball 3-2: Foul Ball, location: 2F 3-2: Foul Ball, location: 2F 3-2: Base on Balls
|
|
Batting: RHB Joe Stading
|
0-0: Ball 1-0: Foul Ball, location: 2F 1-1: Ball 2-1: Ball 3-1: Called Strike 3-2: Foul Ball, location: 2F 3-2: DOUBLE (Flyball, 78XD, EV 93.1 MPH) Tony Vargas scores Harutomi Matsubara to third
|
|
Pitching: RHP Arturo Rojas
|
|
|
Batting: RHB Robby Cuellar
|
0-0: Foul Ball, location: 2F 0-1: Ball 1-1: Swinging Strike 1-2: Strikes out swinging
|
|
Batting: LHB William Warren
|
0-0: Called Strike 0-1: Ball 1-1: Foul Ball, location: 2F 1-2: Strikes out looking
|
| Top of the 8th over - 1 run, 2 hits, 0 errors, 2 left on base; Jackson 3 - Northwest Arkansas 3 |
| BOTTOM OF THE 8TH |
|
Northwest Arkansas Naturals batting - Pitching for Jackson Generals : RHP Tyler Rayner
|
|
Pitching: RHP Adam Fair
|
|
|
Batting: RHB Edgar Castillo
|
0-0: Called Strike 0-1: Foul Ball, location: 2F 0-2: Strikes out swinging
|
|
Batting: RHB Walt Cogswell
|
0-0: Ground out 5-3 (Groundball, 5S, EV 80.6 MPH)
|
|
Batting: RHB Javier Solis
|
0-0: Ball 1-0: Foul Ball, location: 2F 1-1: Ball 2-1: Ball 3-1: Ground out 6-3 (Groundball, 56, EV 92.5 MPH)
|
| Bottom of the 8th over - 0 runs, 0 hits, 0 errors, 0 left on base; Jackson 3 - Northwest Arkansas 3 |
| TOP OF THE 9TH |
|
Jackson Generals batting - Pitching for Northwest Arkansas Naturals : RHP Arturo Rojas
|
|
Batting: LHB Justin Long
|
0-0: Called Strike 0-1: Ball 1-1: Ball 2-1: Called Strike 2-2: Strikes out swinging
|
|
Batting: RHB Brad Robidas
|
0-0: Called Strike 0-1: Foul Ball, location: 2F 0-2: Strikes out swinging
|
|
Batting: SHB Jose Castillo
|
0-0: Ball 1-0: Swinging Strike 1-1: Ball 2-1: Called Strike 2-2: Strikes out looking
|
| Top of the 9th over - 0 runs, 0 hits, 0 errors, 0 left on base; Jackson 3 - Northwest Arkansas 3 |
| BOTTOM OF THE 9TH |
|
Northwest Arkansas Naturals batting - Pitching for Jackson Generals : RHP Adam Fair
|
|
Batting: SHB Jarrod Lindblad
|
0-0: SINGLE (Groundball, 34, EV 96.2 MPH)
|
|
Batting: RHB Danny Loyola
|
0-0: Ball 1-0: Called Strike 1-1: Called Strike 1-2: Ball 2-2: Strikes out swinging
|
|
Batting: LHB Robert Wilkins
|
0-0: Ball 1-0: Ball Wild Pitch! Jarrod Lindblad to second 2-0: Intentional Walk
|
|
Batting: RHB Egidius Kruger
|
0-0: Ball Robert Wilkins is caught stealing 2nd base 2-4 Jarrod Lindblad steals 3rd base 1-0: Ball 2-0: Ball 3-0: Called Strike 3-1: Swinging Strike 3-2: Foul Ball, location: 2F 3-2: Foul Ball, location: 2F 3-2: Ground out 5-3 (Groundball, 56, EV 90.0 MPH)
|
| Bottom of the 9th over - 0 runs, 1 hit, 0 errors, 1 left on base; Jackson 3 - Northwest Arkansas 3 |
| TOP OF THE 10TH |
|
Jackson Generals batting - Pitching for Northwest Arkansas Naturals : RHP Arturo Rojas
|
|
Batting: RHB Tony Vargas
|
0-0: Called Strike 0-1: Called Strike 0-2: Strikes out swinging
|
|
Batting: LHB Dwain Ashford
|
0-0: Ball 1-0: Ball 2-0: Ground out 4-3 (Groundball, 34, EV 86.2 MPH)
|
|
Batting: RHB Harutomi Matsubara
|
0-0: Ball 1-0: Called Strike 1-1: Called Strike 1-2: SINGLE (Groundball, 34D, EV 98.1 MPH)
|
|
Batting: RHB Joe Stading
|
0-0: Ball Harutomi Matsubara steals 2nd base (no throw) 1-0: Called Strike 1-1: Reached on error, E6 (Groundball, 56, EV 106.2 MPH) Harutomi Matsubara to third
|
|
Batting: RHB Robby Cuellar
|
0-0: Called Strike 0-1: Foul Ball, location: 2F 0-2: SINGLE (Line Drive, 89S, EV 94.4 MPH) Harutomi Matsubara scores Joe Stading to second
|
|
Batting: LHB William Warren
|
0-0: Ball 1-0: Ball 2-0: Called Strike 2-1: Swinging Strike 2-2: Foul Ball, location: 2F 2-2: Foul Ball, location: 2F 2-2: Foul Ball, location: 2F 2-2: Ball 3-2: Foul Ball, location: 2F 3-2: Strikes out looking
|
| Top of the 10th over - 1 run, 2 hits, 1 error, 2 left on base; Jackson 4 - Northwest Arkansas 3 |
| BOTTOM OF THE 10TH |
|
Northwest Arkansas Naturals batting - Pitching for Jackson Generals : RHP Adam Fair
|
|
Batting: LHB Pete Hansel
|
0-0: Ball 1-0: Ball 2-0: Ball 3-0: Base on Balls
|
|
Pitching: LHP Chan-u Lee
|
|
|
Batting: RHB Gavin Jones
|
0-0: Called Strike 0-1: Foul Ball, location: 2F 0-2: Strikes out swinging
|
|
Batting: RHB Edgar Castillo
|
0-0: Ball 1-0: Foul Ball, location: 2F 1-1: Fly out, F7 (Line Drive, 7, EV 91.9 MPH)
|
|
Batting: RHB Walt Cogswell
|
0-0: Ball 1-0: Foul Ball, location: 2F 1-1: Ball 2-1: Ball 3-1: Foul Ball, location: 2F 3-2: Ground out 6-3 (Groundball, 6D, EV 110.0 MPH)
|
| Bottom of the 10th over - 0 runs, 0 hits, 0 errors, 1 left on base; Jackson 4 - Northwest Arkansas 3 |
|